GCL
DETROIT (GCL) TIGERS @ NEW YORK A (GCL) YANKEES
08/24/2098
 
TOP OF THE 1ST
Detroit (GCL) Tigers batting - Pitching for New York A (GCL) Yankees : RHP Jim Unknown
Pitching: RHP Jim Unknown
Batting: LHB Brent Lewis 0-0: Ball
1-0: Ball
2-0: Foul Ball, location: 7LDF
2-1: Swinging Strike
2-2: Strikes out swinging
Batting: RHB Nick Sciara 0-0: SINGLE (Line Drive, 34D, EV 96.9 MPH)
Batting: RHB Joe Roy 0-0: Ball
1-0: Fly out, F9 (Flyball, 9D, EV 94.4 MPH)
Batting: LHB Rob Thomas 0-0: Fly out, F8 (Flyball, 8LD, EV 101.9 MPH)
Top of the 1st over - 0 runs, 1 hit, 0 errors, 1 left on base; Detroit (GCL) 0 - New York A (GCL) 0
BOTTOM OF THE 1ST
New York A (GCL) Yankees batting - Pitching for Detroit (GCL) Tigers : LHP Jim Unknown
Pitching: LHP Jim Unknown
Batting: LHB Martim Berlini 0-0: Ball
1-0: Ball
2-0: Called Strike
2-1: Fly out, F7 (Flyball, 7LM, EV 84.4 MPH)
Batting: RHB Keith Bowles 0-0: Called Strike
0-1: Foul Ball, location: 2F
0-2: Ball
1-2: Ball
2-2: Foul Ball, location: 2F
2-2: Strikes out swinging
Batting: RHB Jeff Ramsey 0-0: Swinging Strike
0-1: Swinging Strike
0-2: Strikes out swinging
Bottom of the 1st over - 0 runs, 0 hits, 0 errors, 0 left on base; Detroit (GCL) 0 - New York A (GCL) 0
TOP OF THE 2ND
Detroit (GCL) Tigers batting - Pitching for New York A (GCL) Yankees : RHP Jim Unknown
Batting: RHB Gabriel Romero 0-0: Ball
1-0: Foul Ball, location: 7LDF
1-1: Ball
2-1: Ball
3-1: Base on Balls
Batting: RHB Chris Boley 0-0: Ball
1-0: Fly out, F9 (Flyball, 9LD, EV 91.3 MPH)
Batting: RHB Gustavo Rosales 0-0: Called Strike
0-1: Ball
1-1: Ball
2-1: Swinging Strike
2-2: Strikes out swinging
Batting: LHB Moises Lara 0-0: Called Strike
0-1: Ball
1-1: Ball
2-1: Swinging Strike
2-2: Strikes out swinging
Top of the 2nd over - 0 runs, 0 hits, 0 errors, 1 left on base; Detroit (GCL) 0 - New York A (GCL) 0
BOTTOM OF THE 2ND
New York A (GCL) Yankees batting - Pitching for Detroit (GCL) Tigers : LHP Jim Unknown
Batting: SHB Jonah Holden 0-0: Ball
1-0: Ball
2-0: Hit by Pitch
Batting: RHB Mike Dyer 0-0: Called Strike
0-1: Fly out, F7 (Flyball, 78M, EV 93.1 MPH)
Batting: LHB Steve Luna 0-0: Called Strike
0-1: Fly out, F3 (Popup, 34S, EV 70.6 MPH)
Batting: RHB Victor Perches 0-0: Ball
1-0: Swinging Strike
1-1: Ball
2-1: Ball
3-1: Foul Ball, location: 2F
3-2: Strikes out looking
Bottom of the 2nd over - 0 runs, 0 hits, 0 errors, 1 left on base; Detroit (GCL) 0 - New York A (GCL) 0
TOP OF THE 3RD
Detroit (GCL) Tigers batting - Pitching for New York A (GCL) Yankees : RHP Jim Unknown
Batting: RHB Zach Tobin 0-0: Called Strike
0-1: Ball
1-1: SOLO HOME RUN (Flyball, 78XD, EV 105.0 MPH), Distance : 403 ft
Batting: LHB Brent Lewis 0-0: Ball
1-0: Called Strike
1-1: Called Strike
1-2: Foul Ball, location: 25FF
1-2: Fly out, F7 (Flyball, 78M, EV 94.4 MPH)
Batting: RHB Nick Sciara 0-0: Called Strike
0-1: SINGLE (Groundball, 4MD, EV 97.5 MPH)
Batting: RHB Joe Roy 0-0: Called Strike
0-1: Ball
1-1: Foul Ball, location: 2F
1-2: Fly out, F8 (Flyball, 8RXD, EV 107.5 MPH)
Batting: LHB Rob Thomas 0-0: Ball
1-0: Foul Ball, location: 5SF
1-1: Foul Ball, location: 25FF
1-2: Foul Ball, location: 5F
1-2: Ball
2-2: Strikes out looking
Top of the 3rd over - 1 run, 2 hits, 0 errors, 1 left on base; Detroit (GCL) 1 - New York A (GCL) 0
BOTTOM OF THE 3RD
New York A (GCL) Yankees batting - Pitching for Detroit (GCL) Tigers : LHP Jim Unknown
Batting: RHB Jeff Courtney 0-0: Called Strike
0-1: Ball
1-1: Fly out, F7 (Flyball, 7D, EV 105.0 MPH)
Batting: RHB Nelson Hernandez 0-0: Ball
1-0: Ground out 4-3 (Groundball, 34, EV 105.6 MPH)
Batting: LHB Martim Berlini 0-0: SINGLE (Groundball, 34D, EV 110.6 MPH)
Batting: RHB Keith Bowles 0-0: Foul Ball, location: 9LDF
0-1: Foul Ball, location: 9LSF
0-2: Ball
1-2: Ball
2-2: Strikes out swinging
Bottom of the 3rd over - 0 runs, 1 hit, 0 errors, 1 left on base; Detroit (GCL) 1 - New York A (GCL) 0
TOP OF THE 4TH
Detroit (GCL) Tigers batting - Pitching for New York A (GCL) Yankees : RHP Jim Unknown
Batting: RHB Gabriel Romero 0-0: Swinging Strike
0-1: Called Strike
0-2: Strikes out looking
Batting: RHB Chris Boley 0-0: Called Strike
0-1: Foul Ball, location: 5F
0-2: Foul Ball, location: 5FF
0-2: Strikes out swinging
Batting: RHB Gustavo Rosales 0-0: Ball
1-0: Called Strike
1-1: Called Strike
1-2: Ball
2-2: Foul Ball, location: 9LSF
2-2: Foul Ball, location: 2F
2-2: Strikes out looking
Top of the 4th over - 0 runs, 0 hits, 0 errors, 0 left on base; Detroit (GCL) 1 - New York A (GCL) 0
BOTTOM OF THE 4TH
New York A (GCL) Yankees batting - Pitching for Detroit (GCL) Tigers : LHP Jim Unknown
Batting: RHB Jeff Ramsey 0-0: Foul Ball, location: 5FF
0-1: Foul Ball, location: 9LSF
0-2: Strikes out looking
Batting: SHB Jonah Holden 0-0: Called Strike
0-1: Swinging Strike
0-2: Ball
1-2: Foul Ball, location: 2F
1-2: Foul Ball, location: 3FF
1-2: Ground out 4-3 (Groundball, 4S, EV 85.0 MPH)
Batting: RHB Mike Dyer 0-0: Foul Ball, location: 2F
0-1: Foul Ball, location: 5FF
0-2: Ball
1-2: Foul Ball, location: 2F
1-2: Ball
2-2: Foul Ball, location: 2F
2-2: Fly out, F7 (Flyball, 7S, EV 90.0 MPH)
Bottom of the 4th over - 0 runs, 0 hits, 0 errors, 0 left on base; Detroit (GCL) 1 - New York A (GCL) 0
TOP OF THE 5TH
Detroit (GCL) Tigers batting - Pitching for New York A (GCL) Yankees : RHP Jim Unknown
Batting: LHB Moises Lara 0-0: Ball
1-0: Called Strike
1-1: Swinging Strike
1-2: Ball
2-2: Strikes out swinging
Batting: RHB Zach Tobin 0-0: Ball
1-0: Fly out, F8 (Flyball, 8RM, EV 81.3 MPH)
Batting: LHB Brent Lewis 0-0: Swinging Strike
0-1: Ball
1-1: Ball
2-1: Foul Ball, location: 3FF
2-2: Strikes out swinging
Top of the 5th over - 0 runs, 0 hits, 0 errors, 0 left on base; Detroit (GCL) 1 - New York A (GCL) 0
BOTTOM OF THE 5TH
New York A (GCL) Yankees batting - Pitching for Detroit (GCL) Tigers : LHP Jim Unknown
Batting: LHB Steve Luna 0-0: Ball
1-0: Ground out 6-3 (Groundball, 6, EV 103.1 MPH)
Batting: RHB Victor Perches 0-0: Ball
1-0: Ball
2-0: SINGLE (Line Drive, 89S, EV 91.3 MPH)
Batting: RHB Jeff Courtney 0-0: Called Strike
0-1: Foul Ball, location: 2F
0-2: Ball
1-2: Strikes out swinging
Batting: RHB Nelson Hernandez 0-0: Ball
1-0: Ground out 4-3 (Groundball, 34, EV 84.4 MPH)
Bottom of the 5th over - 0 runs, 1 hit, 0 errors, 1 left on base; Detroit (GCL) 1 - New York A (GCL) 0
TOP OF THE 6TH
Detroit (GCL) Tigers batting - Pitching for New York A (GCL) Yankees : RHP Jim Unknown
Batting: RHB Nick Sciara 0-0: Called Strike
0-1: DOUBLE (Flyball, 8LXD, EV 101.3 MPH)
Batting: RHB Joe Roy 0-0: Ground out 3-1 (Groundball, 34, EV 88.1 MPH)
Nick Sciara to third
Batting: LHB Rob Thomas 0-0: Ball
1-0: Called Strike
1-1: Fly out, F7 (Flyball, 7, EV 78.8 MPH)
Runner from 3rd tags up, SCORES, throw by LF
Batting: RHB Gabriel Romero 0-0: TRIPLE (Flyball, 78XD, EV 94.4 MPH)
Batting: RHB Chris Boley 0-0: Ball
1-0: Ball
2-0: Ground out 5-3 (Groundball, 56S, EV 89.4 MPH)
Top of the 6th over - 1 run, 2 hits, 0 errors, 1 left on base; Detroit (GCL) 2 - New York A (GCL) 0
BOTTOM OF THE 6TH
New York A (GCL) Yankees batting - Pitching for Detroit (GCL) Tigers : LHP Jim Unknown
Batting: LHB Martim Berlini 0-0: Foul Ball, location: 25FF
0-1: Ball
1-1: Fly out, F4 (Popup, 34, EV 61.3 MPH)
Batting: RHB Keith Bowles 0-0: Ground out 6-3 (Groundball, 6M, EV 106.3 MPH)
Batting: RHB Jeff Ramsey 0-0: Ball
1-0: Ball
2-0: Foul Ball, location: 2F
2-1: Called Strike
2-2: Ball
3-2: Fly out, F9 (Flyball, 89M, EV 82.5 MPH)
Bottom of the 6th over - 0 runs, 0 hits, 0 errors, 0 left on base; Detroit (GCL) 2 - New York A (GCL) 0
TOP OF THE 7TH
Detroit (GCL) Tigers batting - Pitching for New York A (GCL) Yankees : RHP Jim Unknown
Pitching: LHP Jim Unknown
Batting: RHB Gustavo Rosales 0-0: SINGLE (Groundball, 6S, EV 73.8 MPH) (infield hit)
Batting: LHB Moises Lara 0-0: Called Strike
0-1: Ball
1-1: Foul Ball, location: 5FF
1-2: Strikes out swinging
Batting: RHB Zach Tobin 0-0: Ball
1-0: Grounds into double play, 2-4-3 (Groundball, 2L, EV 70.6 MPH)
Top of the 7th over - 0 runs, 1 hit, 0 errors, 0 left on base; Detroit (GCL) 2 - New York A (GCL) 0
BOTTOM OF THE 7TH
New York A (GCL) Yankees batting - Pitching for Detroit (GCL) Tigers : LHP Jim Unknown
Batting: SHB Jonah Holden 0-0: Fly out, F3 (Popup, 23F, EV 90.0 MPH)
Batting: RHB Mike Dyer 0-0: Foul Ball, location: 2F
0-1: Foul Ball, location: 2F
0-2: Foul Ball, location: 2RF
0-2: SINGLE (Groundball, 4S, EV 91.3 MPH)
Pinch Hitting: LHB Ryan DiGirolamo 0-0: Ball
1-0: Fly out, F8 (Flyball, 8LS, EV 84.4 MPH)
Batting: RHB Victor Perches 0-0: Ball
1-0: Ball
2-0: Ball
3-0: Foul Ball, location: 5F
3-1: Swinging Strike
3-2: Strikes out swinging
Bottom of the 7th over - 0 runs, 1 hit, 0 errors, 1 left on base; Detroit (GCL) 2 - New York A (GCL) 0
TOP OF THE 8TH
Detroit (GCL) Tigers batting - Pitching for New York A (GCL) Yankees : LHP Jim Unknown
Now at 1B: Frank Cornelio
Batting: LHB Brent Lewis 0-0: Called Strike
0-1: Called Strike
0-2: Foul Ball, location: 3F
0-2: Foul Ball, location: 2F
0-2: Ball
1-2: Ball
2-2: Ball
3-2: Foul Ball, location: 2LF
3-2: Strikes out looking
Batting: RHB Nick Sciara 0-0: Ball
1-0: Foul Ball, location: 3FF
1-1: Called Strike
1-2: Ball
2-2: Ball
3-2: Base on Balls
Batting: RHB Joe Roy 0-0: Ball
1-0: Ground out 5-3 (Groundball, 56S, EV 66.9 MPH)
Nick Sciara to second
Pinch Hitting: RHB Jeff Gibbs 0-0: Called Strike
0-1: Swinging Strike
0-2: Foul Ball, location: 25F
0-2: Ball
1-2: Strikes out swinging
Top of the 8th over - 0 runs, 0 hits, 0 errors, 1 left on base; Detroit (GCL) 2 - New York A (GCL) 0
BOTTOM OF THE 8TH
New York A (GCL) Yankees batting - Pitching for Detroit (GCL) Tigers : LHP Jim Unknown
Pitching: RHP Jim Unknown
Now in RF: Doug Marlow
Batting: RHB Willie Castro 0-0: Ball
1-0: Called Strike
1-1: Ball
2-1: Reached on error, E5 (Groundball, 56, EV 110.0 MPH)
Pinch Hitting: LHB Jim Unknown 0-0: Fly out, F9 (Flyball, 89D, EV 96.3 MPH)
Batting: LHB Martim Berlini 0-0: Called Strike
0-1: Called Strike
0-2: Ball
1-2: Ground out 6-3 (Groundball, P, EV 89.4 MPH)
Willie Castro to second
Batting: RHB Keith Bowles 0-0: Called Strike
0-1: DOUBLE (Groundball, 5L, EV 106.3 MPH)
Willie Castro scores
Batting: RHB Jeff Ramsey 0-0: Ball
1-0: Ball
2-0: Called Strike
2-1: Foul Ball, location: 2F
2-2: Foul Ball, location: 2F
2-2: Ball
3-2: Strikes out swinging
Bottom of the 8th over - 1 run, 1 hit, 1 error, 1 left on base; Detroit (GCL) 2 - New York A (GCL) 1
TOP OF THE 9TH
Detroit (GCL) Tigers batting - Pitching for New York A (GCL) Yankees : LHP Jim Unknown
Now in RF: Cruz Almeda
Pinch Hitting: SHB Jason Diggs 0-0: Called Strike
0-1: Ball
1-1: Foul Ball, location: 3F
1-2: Ground out 4-3 (Groundball, 4, EV 106.3 MPH)
Batting: RHB Chris Boley 0-0: Called Strike
0-1: Called Strike
0-2: Ball
1-2: Strikes out swinging
Batting: RHB Gustavo Rosales 0-0: Foul Ball, location: 2F
0-1: Ball
1-1: Ball
2-1: Ball
3-1: Called Strike
3-2: Foul Ball, location: 25FF
3-2: Ground out 5-3 (Groundball, 56S, EV 75.6 MPH)
Top of the 9th over - 0 runs, 0 hits, 0 errors, 0 left on base; Detroit (GCL) 2 - New York A (GCL) 1
BOTTOM OF THE 9TH
New York A (GCL) Yankees batting - Pitching for Detroit (GCL) Tigers : RHP Jim Unknown
Now in LF: Brian Martin
Pinch Hitting: RHB Josh Carr 0-0: Called Strike
0-1: Ball
1-1: Ball
2-1: Swinging Strike
2-2: Fly out, F7 (Flyball, 78M, EV 83.8 MPH)
Pinch Hitting: RHB Juan Cabrera 0-0: Called Strike
0-1: Called Strike
0-2: Strikes out looking
Pinch Hitting: RHB Kurt Hughes 0-0: Ball
1-0: Foul Ball, location: 5DF
1-1: Ball
2-1: Foul Ball, location: 2F
2-2: Ball
3-2: Fly out, F7 (Flyball, 7LS, EV 90.6 MPH)
Bottom of the 9th over - 0 runs, 0 hits, 0 errors, 0 left on base; Detroit (GCL) 2 - New York A (GCL) 1
Saturday, April 13th , 2024 - OOTP Baseball 24.11 Build 85